 Dungeon Crawl Stone Soup version 0.29-a0-598-gd8304a5bf4 (webtiles) character file.

Game seed: 15736439547634070245

147 RancidPinata the Cudgeller (level 5, -1/32 HPs)
             Began as a Gargoyle Gladiator on June 15, 2022.
             Shot with an arrow by a centaur (7 damage)
             ... on level 5 of the Dungeon.
             The game lasted 00:06:01 (2051 turns).

RancidPinata the Cudgeller (Gargoyle Gladiator)     Turns: 2051, Time: 00:06:02

Health: -1/32      AC: 11    Str: 18 (19) XL:     5   Next: 29%
Magic:  5/5        EV: 11    Int:  6 (9)  God:
Gold:   87         SH:  4    Dex: 10 (11) Spells: 4/4 levels left

rFire   . . .      SeeInvis .   a - +0 flail
rCold   . . .      Faith    .   h - +0 buckler
rNeg    + . .      Spirit   .   q - +0 ring mail
rPois   ∞          Reflect  .   c - +0 helmet
rElec   +          Harm     .   (no cloak)
rCorr   .          Rampage  .   (no gloves)
Will    .....                   o - +0 pair of boots
Stlth   ..........              (no amulet)
HPRegen 0.10/turn               (no ring)
MPRegen 0.09/turn               (no ring)

@: weak-willed, hasted, very quick
A: sickness immunity, AC +4, negative energy resistance 1, electricity
resistance, torment resistance 1, petrification resistance
a: no special abilities


You were on level 5 of the Dungeon.
You visited 1 branch of the dungeon, and saw 4 of its levels.

You collected 87 gold pieces.

Inventory:

Hand Weapons
 a - a +0 flail (weapon)
Missiles
 d - 3 throwing nets (quivered)
 e - 6 javelins
 l - 6 boomerangs
 m - 81 stones
Armour
 c - a +0 helmet (worn)
 h - a +0 buckler (worn)
 o - a +0 pair of boots (worn)
 q - a +0 ring mail (worn)
Wands
 r - a wand of acid (9)
 v - a wand of mindburst (11)
Scrolls
 b - a scroll of summoning {unknown}
 g - 2 scrolls of identify {unknown}
 i - 3 scrolls of blinking {unknown}
 j - a scroll of torment
 n - a scroll of vulnerability
 p - a scroll of enchant armour {unknown}
 s - a scroll of amnesia {unknown}
 u - a scroll of teleportation {unknown}
 w - a scroll of brand weapon {unknown}
Potions
 k - a potion of degeneration
 t - a potion of haste


   Skills:
 * Level 3.3 Fighting
 * Level 3.7 Maces & Flails
 + Level 2.3 Throwing
 + Level 1.3 Armour
 + Level 2.8 Dodging
 * Level 2.2 Shields


You had 4 spell levels left.
You didn't know any spells.
Your spell library was empty.

Dungeon Overview and Level Annotations

Branches:
Dungeon (5/15)
 Temple: D:4-7

Altars:


Innate Abilities, Weirdness & Mutations

You are immune to sickness and miasma.
Your stone body is resilient. (AC +4)
You are immune to poison.
You resist negative energy. (rN+)
You are resistant to electric shocks. (rElec)
You are resistant to unholy torment.
You are immune to petrification.


Message History

It was a scroll of torment.
The water moccasin misses you. The scorpion closely misses you.
The water moccasin bites you but does no damage.
You block the phantom's attack.
It was a potion of degeneration.
There was something very wrong with that liquid.
You feel weakened.
You feel dopey.
You feel clumsy.
An ufetubus comes into view.
The scorpion stings you.
* * * LOW HITPOINT WARNING * * *
The water moccasin barely misses you.
The orc wizard casts a spell.
The orc wizard flickers and vanishes!
Deactivating autopickup; reactivate with Ctrl-A.
The phantom hits you.
* * * LOW HITPOINT WARNING * * *
The phantom blinks!
You blink.
The orc closely misses you.
It was a potion of haste.
You feel yourself speed up.
The water moccasin bites you but does no damage.
The orc barely misses you.
The orc priest looks satisfied for a moment.
You block the phantom's attack. The orc hits you but does no damage.
It was a potion of curing.
You feel better. The water moccasin closely misses you. The phantom hits you.
The phantom blinks!
You blink.
Found 16 gold pieces.
Found a stone staircase leading down.
A hound and a worm come into view.
The hound barks!
Found a scroll labelled FURAOT LISI.
Found a scroll labelled RUUDAG GOUPRIR.
The hound stops to sniff the ground.
Found a stone staircase leading down.
Found a sapphire potion and 11 gold pieces.
A centaur comes into view.
The centaur shouts!
The centaur wields a +0 shortbow.
The centaur shoots an arrow.
The arrow hits you.
* * * LOW HITPOINT WARNING * * *
Found 12 stones.
The centaur shoots an arrow.
The arrow hits you!
You die...

#......#..........#
...###.#..?.......#
..................#
##....w#..........# #
#......W.W.......#.#
......#.##..##....#.#
###...#..##.........####
#...##.#.#............
#...# ........@.......
##### ................
.................
#.................
.............>...
........!.....$.
#........c.....
##.........(...


You could see a phantom (weak-willed) and a centaur.

Vanquished Creatures
  A scorpion (D:5)
  A hound (D:5)
  2 adders (D:2)
  2 dart slugs (D:1)
  4 ball pythons
  4 bats
  6 endoplasms
  4 goblins (D:1)
  5 hobgoblins
  A quokka (D:2)
  A frilled lizard (D:2)
  2 kobolds
  6 rats
39 creatures vanquished.

Notes
Turn   | Place    | Note
-------+----------+-------------------------------------------
     0 | D:1      | RancidPinata the Gargoyle Gladiator began the quest for the
                  | Orb.
     0 | D:1      | Reached XP level 1. HP: 12/12 MP: 1/1
   185 | D:1      | Reached XP level 2. HP: 14/18 MP: 2/2
   587 | D:1      | Reached skill level 1 in Shields
   663 | D:1      | Reached XP level 3. HP: 5/22 MP: 3/3
  1727 | D:2      | Reached XP level 4. HP: 26/27 MP: 4/4
  1780 | D:2      | You fall into a shaft and drop 2 floors!
  1844 | D:4      | Noticed a necrophage
  1855 | D:5      | Entered Level 5 of the Dungeon
  1872 | D:5      | Reached skill level 1 in Armour
  1894 | D:5      | Noticed a scorpion
  1911 | D:5      | Killed a scorpion
  1912 | D:5      | Reached XP level 5. HP: 24/32 MP: 5/5
  2005 | D:5      | Noticed a phantom
  2016 | D:5      | Noticed a water moccasin
  2050 | D:5      | Noticed a centaur
  2051 | D:5      | Shot with an arrow by a centaur

Illustrated notes

Levels and vault maps discovered:
D:1:      nzn_arrival_depleted_hourglass, layout_basic
D:2:      layout_basic, basic_altar, uniq_terence
D:4:      layout_cave_pools, old_standard_altar, minmay_hedge_maze
D:5:      layout_rooms

Skill      XL: |  1  2  3  4 |
---------------+-------------+-----
Shields        | 1 2 |  2.2
Throwing       | 2 |  2.3
Fighting       | 3 |  3.3
Armour         | 1 |  1.3
Maces & Flails | |  3.7
Dodging        | |  2.8

Action                   |  1- 3 |  4- 6 || total
-------------------------+-------+-------++-------
Melee: Flail             |    94 |    46 ||   140
  Use: Potion            |       |     3 ||     3
       Scroll            |       |     2 ||     2
Armor: Leather armour    |    15 |       ||    15
       Ring mail         |    20 |    40 ||    60
Dodge: Dodged            |    77 |    43 ||   120
Block: Buckler           |    27 |    15 ||    42

Table legend: (Time is in decaauts)
 A = Elapsed time spent in this place.
 B = Non-inter-level travel time spent in this place.
 C = Inter-level travel time spent in this place.
 D = Time resting spent in this place.
 E = Time spent auto-exploring this place.
 F = Levels seen in this place.
 G = Mean time per level.
                   A        B        C        D        E       F      G
               +--------+--------+--------+--------+--------+-----+--------+
         Total |   2082 |   1941 |    141 |    494 |    891 |   4 |  520.5 |
       Dungeon |   2082 |   1941 |    141 |    494 |    891 |   4 |  520.5 |
               +--------+--------+--------+--------+--------+-----+--------+

Top non-repeatable levels by time:
     D:1: 1434 daAuts
     D:2: 371 daAuts
     D:5: 194 daAuts
     D:4: 80 daAuts
